 Dungeon Crawl Stone Soup version 0.30-a0-622-gddc90eaa04 (webtiles) character file.

Game seed: 16415862849362613057

171 wormed the Sneak (level 5, -2/32 HPs)
             Began as a Kobold Brigand on Jan 10, 2023.
             Succumbed to Robin's poison
             ... on level 3 of the Dungeon.
             The game lasted 00:04:04 (2574 turns).

wormed the Sneak (Kobold Brigand)                   Turns: 2574, Time: 00:04:05

Health: -2/32      AC:  5    Str:  8    XL:     5   Next: 81%
Magic:  5/5        EV: 15    Int: 13    God:
Gold:   82         SH:  0    Dex: 18    Spells: 4/4 levels left

rFire   . . .      SeeInvis .    a - +2 dagger
rCold   . . .      Faith    .    (no shield)
rNeg    . . .      Spirit   .    b - +0 robe
rPois   .          Reflect  .    n - +0 helmet
rElec   .          Harm     .    c - +1 cloak
rCorr   .          Rampage  .    (no gloves)
Will    .....                    (no boots)
Stlth   ++++                     (no amulet)
HPRegen 0.25/turn                (no ring)
MPRegen 0.09/turn                (no ring)

@: lethally poisoned (-2 -> -26)
A: small, no large weapons, nightstalker 3
a: no special abilities


You were on level 3 of the Dungeon.
You visited 1 branch of the dungeon, and saw 3 of its levels.

You collected 82 gold pieces.

Inventory:

Hand Weapons
 a - a +2 dagger (weapon)
Missiles
 d - 11 poisoned darts
 e - 3 curare-tipped darts (quivered)
 j - 5 atropa-tipped darts
Armour
 b - a +0 robe (worn)
 c - a +1 cloak (worn)
 n - a +0 helmet (worn)
Scrolls
 f - a scroll of fear {unknown}
 g - 4 scrolls of identify
Potions
 h - a potion of flight
 i - a potion of magic {unknown}
 o - a potion of lignification {unknown}
 r - a potion of mutation {unknown}
 s - a potion of curing {unknown}


   Skills:
 + Level 3.3 Fighting
 * Level 5.1 Short Blades
 - Level 2.1 Throwing
 + Level 2.8 Dodging
 + Level 6.2 Stealth


You had 4 spell levels left.
You didn't know any spells.
Your spell library contained the following spells:

 Spells                   Type           Power      Damage    Failure   Level
 Beastly Appendage        Tmut           0%         N/A       30%         1
 Kiss of Death            Conj/Necr      0%         2d5       30%         1
 Sting                    Tmut/Pois      0%         1d3       30%         1
 Poisonous Vapours        Pois/Air       0%         N/A       43%         2
 Wereblood                Tmut           0%         N/A       43%         2
 Confusing Touch          Hex            0%         N/A       67%         3
 Spider Form              Tmut/Pois      0%         N/A       67%         3
 Dispel Undead            Necr           0%         3d6       97%         4
 Olgreb's Toxic Radiance  Pois           0%         N/A       97%         4


Dungeon Overview and Level Annotations

Branches:
Dungeon (3/15)

Altars:


Innate Abilities, Weirdness & Mutations

You are small and have problems with some larger weapons.
You are completely attuned to the shadows.


Message History

You kill the goblin!
The goblin hits you but does no damage.
You barely miss Robin.
The goblin shouts!
You hit Robin.
Robin is moderately wounded.
Robin roars a battlecry!
The goblin goes into a battle-frenzy!
The goblin hits you but does no damage.
You hit Robin.
Robin is heavily wounded.
The goblin hits you with a +0 dagger. Robin hits you but does no damage.
You barely miss Robin.
Robin is heavily wounded.
The goblin barely misses you.
Robin hits you with a +3 dagger of venom.
You are poisoned.
You barely miss Robin.
Robin is heavily wounded.
You feel sick. The goblin completely misses you.
Robin hits you with a +3 dagger of venom.
You are more poisoned.
You hit Robin.
Robin is severely wounded.
You feel very sick.
You hit Robin but do no damage.
Robin is severely wounded.
You feel sick.
Robin hits you with a +3 dagger of venom!
* * * LOW HITPOINT WARNING * * *
You are more poisoned.
The goblin barely misses you.
You hit Robin.
Robin is almost dead.
* * * LOW HITPOINT WARNING * * *
You feel very sick. The goblin hits you but does no damage.
Robin barely misses you.
You hit Robin.
You kill Robin!
You die...

#.#.# ##.........
#...##.....g.....
..>....#.##......
.).......#.g#####
.........).## ..
.........g## ###..
.......gg.# #...
..........# ####g#
.......gg####.g)@#
.†.......#....####
...........####
.........###
###.(#.###
#....#.##
..#....)#
.###..).# ##
#....#


You could see 2 goblins.

Vanquished Creatures
  A gnoll bouda (D:3)
  Robin (D:3)
  5 gnolls
  3 adders (D:2)
  3 worms
  A dart slug (D:1)
  An orc (D:2)
  2 ball pythons
  An endoplasm (D:2)
  5 giant cockroaches
  7 goblins
  5 hobgoblins
  2 quokkas
  5 bats
  3 frilled lizards
  10 kobolds
  5 rats
60 creatures vanquished.

Notes
Turn   | Place    | Note
-------+----------+-------------------------------------------
     0 | D:1      | wormed the Kobold Brigand began the quest for the Orb.
     0 | D:1      | Reached XP level 1. HP: 12/12 MP: 1/1
   213 | D:1      | Reached XP level 2. HP: 18/18 MP: 2/2
   396 | D:1      | Reached XP level 3. HP: 4/22 MP: 3/3
  1503 | D:2      | Reached XP level 4. HP: 24/27 MP: 4/4
  2360 | D:3      | Reached skill level 6 in Stealth
  2376 | D:3      | Reached XP level 5. HP: 32/32 MP: 5/5
  2405 | D:3      | Reached skill level 5 in Short Blades
  2530 | D:3      | Noticed Robin
  2574 | D:3      | Killed Robin
  2574 | D:3      | Succumbed to Robin's poison

Illustrated notes

Levels and vault maps discovered:
D:1:      dpeg_arrival_three_same_balls, layout_basic
D:2:      minmay_angry_zag, layout_loops_cross, serial_co_window_serial,
          co_window_corner_a, co_window_of_opportunity_a, co_window_paths_a,
          co_window_corner_a, co_window_of_opportunity_a, co_window_paths_a,
          co_window_cross_1, co_window_of_opportunity_b, co_window_cross_2,
          co_window_corner_ca, co_window_broadway_b, co_window_unsneaky_path_c,
          co_window_paths_c, glass_columns_b, glass_columns_b, glass_columns_a
D:3:      layout_rooms, mainiacjoe_overflow_boulevard, uniq_robin

Skill      XL: |  1  2  3  4  5 |
---------------+----------------+-----
Short Blades   | 3 4 5 |  5.1
Dodging        | 2 |  2.8
Fighting       | 3 |  3.3
Stealth        | 6 |  6.2
Throwing       | |  2.1

Action                   |  1- 3 |  4- 6 || total
-------------------------+-------+-------++-------
Melee: Dagger            |    65 |   124 ||   189
       Punch             |       |     1 ||     1
Throw: Dart              |     1 |       ||     1
  Use: Scroll            |       |     7 ||     7
 Stab: Sleeping          |    14 |    10 ||    24
       Distracted        |       |     1 ||     1
Armor: Robe              |    10 |    25 ||    35
Dodge: Dodged            |    25 |    79 ||   104

Table legend: (Time is in decaauts)
 A = Elapsed time spent in this place.
 B = Non-inter-level travel time spent in this place.
 C = Inter-level travel time spent in this place.
 D = Time resting spent in this place.
 E = Time spent auto-exploring this place.
 F = Levels seen in this place.
 G = Mean time per level.
                   A        B        C        D        E       F      G
               +--------+--------+--------+--------+--------+-----+--------+
         Total |   2535 |   2435 |    100 |      0 |   2046 |   3 |  845.0 |
       Dungeon |   2535 |   2435 |    100 |      0 |   2046 |   3 |  845.0 |
               +--------+--------+--------+--------+--------+-----+--------+

Top non-repeatable levels by time:
     D:2: 1219 daAuts
     D:1: 1070 daAuts
     D:3: 245 daAuts
